 Dungeon Crawl Stone Soup version 0.16-a0-956-g65bd446 (webtiles) character file.

17 aredel the Skirmisher (level 2, 0/19 HPs)
             Began as a Gargoyle Fighter on Oct 1, 2014.
             Slain by Sawaa the merfolk
             ... wielding a +2 trident of piercing
             ... created by the player character
              (19 damage)
             ... on Level 2 of the Dungeon.
             The game lasted 00:01:47 (207 turns).

aredel the Skirmisher (Gargoyle Fighter)             Turns: 207, Time: 00:01:53

HP   0/19        AC  0     Str 14      XL: 2   Next: 62%
MP   2/2         EV 18     Int  8      God:
Gold 18          SH  0     Dex 14      Spells:  0 memorised,  1 level left

rFire  . . .     SeeInvis .     (weapon currently unavailable)
rCold  . . .     Clarity  .     j - melded +0 chain mail
rNeg   + . .     rCorr    .     c - melded +0 shield
rPois  +         rRot     +     (helmet currently unavailable)
rElec  .         Spirit   .     (cloak currently unavailable)
SustAb .         Warding  .     (gloves currently unavailable)
rMut   .         Stasis   .     (boots currently unavailable)
Gourm  .                        (no amulet)
MR     .....                    (ring currently unavailable)
                                (ring currently unavailable)

@: bat-form, flying, very quick, not resistant to hostile enchantments, very
unstealthy
A: negative energy resistance 1, (electricity resistance), (unbreathing),
petrification resistance, rot immunity, AC +2
a: End Transformation


You were on level 2 of the Dungeon.
You were not hungry.
You were in bat-form.
You visited 1 branch of the dungeon, and saw 2 of its levels.

You collected 18 gold pieces.

Inventory:

Hand weapons
 a - a +0 war axe
Armour
 c - a +0 shield (melded)
 j - a +0 chain mail (melded)
Comestibles
 d - 2 bread rations
Scrolls
 h - 2 scrolls of identify {unknown}
 i - a scroll of remove curse {unknown}
Potions
 e - a potion of might
 f - a potion of heal wounds {unknown}
 g - a potion of curing {unknown}
 k - a potion of cure mutation {unknown}
Miscellaneous
 b - a plain deck of changes {drawn: 3}


   Skills:
 * Level 3.5 Fighting
 - Level 1.7 Axes
 + Level 3.5 Armour
 + Level 0.8 Dodging
 + Level 3.5 Shields


You had one spell level left.
You didn't know any spells.

Dungeon Overview and Level Annotations

Branches:
Dungeon (2/15)

Altars:
Nemelex Xobeh
Xom
The Shining One


Innate Abilities, Weirdness & Mutations

You are resistant to torment.
You are immune to poison.
((Your stone body is very resilient (AC +2).))
You resist negative energy.
((You are resistant to electric shocks.))
((You can survive without breathing.))
You are immune to petrification.
You are immune to rotting.


Message History

Wield which item (- for none, * to show all)? (? for menu, Esc to quit)
b - a plain deck of cards (in hand)
You draw a card...
It is the Alchemist.
Nothing appears to happen.
You draw a card...
It is the Mercenary.
This is a plain deck of changes {drawn: 2}.
You cannot afford Sawaa's fee of 311 gold!
Sawaa attacks!
Sawaa the merfolk comes into view. It is wielding a glowing trident.
Press: ? - help, v - describe, . - travel
Here: Sawaa the merfolk, wielding a glowing trident (durably summoned)
The floor.
Wield which item (- for none, * to show all)? (? for menu, Esc to quit)
Okay, then.
You draw a card...
It is Metamorphosis.
You turn into a bat.
Your plain deck of changes {drawn: 3} falls away!
You are now empty-handed.
Your +0 shield melds into your body.
Your +0 chain mail melds into your body.
Sawaa hits you from afar with a glowing trident!!
Ouch! That really hurt!
You die...

#............# # # .
#.....)......#.#
###..<####.#.#.# #....#
#.#.#.####.# #.#.###
#........... ...#.
##...####### ... .
#...# #. #%%%###### .#
#...m.b..##....
+###.####...##.....>$##
g###...................
'###..............#....
#..............# ..
#..#.#...#..#.###.#
...##.#...._.......#
.## #.#...#.########
#.#...#.#


You could see Sawaa the merfolk.

Vanquished Creatures
  2 giant cockroaches (D:2)
  3 goblins (D:2)
  4 jackals (D:2)
  A kobold (D:2)
  4 bats
14 creatures vanquished.

Notes
Turn   | Place    | Note
--------------------------------------------------------------
     0 | D:1      | aredel, the Gargoyle Fighter, began the quest for the Orb.
     0 | D:1      | Reached XP level 1. HP: 14/14 MP: 1/1
    63 | D:2      | Reached XP level 2. HP: 16/19 MP: 2/2
    69 | D:2      | Found a glowing golden altar of the Shining One.
   183 | D:2      | Found a sparkling altar of Nemelex Xobeh.
   186 | D:2      | Found a shimmering altar of Xom.
   206 | D:2      | Noticed Sawaa
   207 | D:2      | Slain by Sawaa the merfolk

Action                   || total
-------------------------++-------
Melee: War axe           ||    35
Evoke: Deck              ||     3
